 Dungeon Crawl Stone Soup version 0.27-a0-1196-g3e9cee4cb2 (webtiles) character file.

Game seed: 2671564122689014868

3240 robertstho the Thaumaturge (level 10, -4/69 HPs)
             Began as a Djinni Fire Elementalist on May 28, 2021.
             Was an Initiate of Gozag.
             Killed from afar by Erica (27 damage)
             ... with a lance of force
             ... on level 8 of the Dungeon.
             The game lasted 00:16:35 (11973 turns).

robertstho the Thaumaturge (DjFE)                  Turns: 11973, Time: 00:16:36

Health: -4/69      AC:  2    Str: 13    XL:     10   Next: 18%
Gold:   523        EV: 22    Int: 20    God:    Gozag SH:  0 Dex: 19

rFire    . . .     SeeInvis .   (weapon currently unavailable)
rCold    . . .     Faith    .   (shield currently unavailable)
rNeg     . . .     Spirit   .   (armour currently unavailable)
rPois    ∞         Reflect  .   (helmet currently unavailable)
rElec    .         Harm     .   (cloak currently unavailable)
rCorr    +         Rampage  .   (gloves currently unavailable)
Will     +....                  (boots unavailable)
Stlth    +++.......             (no amulet)
HPRegen  0.21/turn              g - ring of resist corrosion
MPRegen  0.00/turn              l - +6 ring of strength

@: spider-form, flying
A: venomous fangs, flying, sickness immunity, tiny, (fire resistance 2), (cold
vulnerability 1), float, innate caster, hp casting, extra vitality 1
a: End Transformation, Renounce Religion, Potion Petition, Call Merchant, Bribe
Branch


You were on level 8 of the Dungeon.
You worshipped Gozag.
Gozag was pleased with you.
You were a venomous arachnid creature.
You visited 2 branches of the dungeon, and saw 9 of its levels.

You collected 593 gold pieces.
You paid 70 gold pieces to Gozag.

Inventory:

Hand Weapons
 d - a +0 dagger
 e - a +2 falchion of holy wrath
 r - a +5 flail of protection
 s - a +1 rapier of flaming (melded)
Armour
 a - a +0 robe (melded)
 j - a +1 helmet (melded)
 m - a scarf of repulsion (melded)
 n - a +0 buckler (melded)
Jewellery
 g - a ring of resist corrosion (left front leg)
 l - a +6 ring of strength (right front leg)
Wands
 o - a wand of flame (16)
 q - a wand of polymorph (9)
Scrolls
 f - 2 scrolls of magic mapping
 i - 2 scrolls of enchant armour
 u - a scroll of fog {unknown}
 v - a scroll of identify
 w - a scroll of vulnerability {unknown}
Potions
 c - a potion of lignification {unknown}
 h - 4 potions of haste
 k - a potion of flight {unknown}
 p - a potion of might
 t - a potion of invisibility {unknown}
 x - 2 potions of heal wounds {unknown}


   Skills:
 * Level 4.6 Fighting
 + Level 1.3 Long Blades
 + Level 4.1 Dodging
 + Level 3.7 Stealth
 + Level 0.2 Shields
 * Level 9.3 Spellcasting


You had 3 spell levels left.
You knew the following spells:

 Your Spells              Type           Power      Damage    Failure   Level
a - Foxfire               Conj/Fire      100%       2x1d9     1%          1
b - Conjure Flame         Conj/Fire      46%        6-21      3%          3
c - Inner Flame           Hex/Fire       46%        N/A       3%          3
d - Sticky Flame          Conj/Fire      46%        2d6       7%          4
e - Fireball              Conj/Fire      23%        3d11      13%         5
f - Pain                  Necr           100%       1d9       1%          1
g - Wereblood             Tmut           46%        N/A       2%          2
h - Passwall              Tmut/Erth      38%        N/A       2%          2
i - Spider Form           Tmut/Pois      23%        N/A       3%          3
Your spell library was empty.

Dungeon Overview and Level Annotations

Branches:
Dungeon (8/15)             Temple (1/1) D:6
   Lair: D:8-11

Altars:
Ashenzari
Dithmenos
Elyvilon
Fedhas
Gozag
Hepliaklqana
Kikubaaqudgha
Qazlal
Ru
Wu Jian
Xom
Zin
The Shining One

Shops:
D:6 [

Annotations:
D:3 1 runed translucent door, Crazy Yiuf
D:4 2 transporters, Cheivey's ghost, amateur DsFi
D:6 Armour shop
D:8 Erica


Innate Abilities, Weirdness & Mutations

You are a venomous arachnid creature.
You have poisonous fangs.
You are tiny and dextrous.
You are flying.
Your spellcasting is less reliable in this form.
Your armour is entirely melded.
You are incapable of wielding weapons or throwing items.
You are immune to sickness and miasma.
You are immune to poison.
((Your flesh is very heat resistant. (rF++)))
((You are vulnerable to cold. (rC-)))
You float through the air rather than walking.
You learn spells naturally, not from books.
Your magical power is your life essence.
You have superior vitality. (+4 HP)


Message History

Aim: Erica, wielding a +0 scimitar of flaming and wearing a +2 robe of the Archmagi The fireball explodes!
The fireball engulfs Erica!
Erica is lightly wounded.
You hear a bellow!
Casting: Fireball (dangerous; 7% risk of failure)
Confirm with . or Enter, or press ? or * to list all spells.
Aiming: Fireball (dangerous; 7% risk of failure)
Press: ? - help, Shift-Dir - straight line, f/p - Erica
Aim: Erica, wielding a +0 scimitar of flaming and wearing a +2 robe of the Archmagi (lightly wounded)
The fireball explodes!
The fireball engulfs Erica!!
Erica is heavily wounded.
Unknown command.
Casting: Fireball (dangerous; 7% risk of failure)
Confirm with . or Enter, or press ? or * to list all spells.
You turn into a venomous arachnid creature.
Your +1 rapier of flaming melds into your body.
Your scarf of repulsion melds into your body.
Your +1 helmet melds into your body.
Your +0 buckler melds into your body.
Your +0 robe melds into your body.
Your +1 rapier of flaming stops flaming.
The haze of the repulsion field disappears.
Erica casts a spell at you. The lance of force hits you!!
You are knocked back by the lance of force.
You barely miss Erica.
Erica is heavily wounded.
Erica closely misses you.
You hit Erica but do no damage.
Erica is poisoned.
Erica is heavily wounded.
Erica closely misses you.
You barely miss Erica.
Erica is heavily wounded.
Erica hits you with a +0 scimitar of flaming!
Erica burns you.
You hit Erica but do no damage.
Erica looks as sick as possible!
Erica is heavily wounded.
Erica points at you and mumbles some strange words.
The lance of force hits you!!
You die...
Your body crumbles into a pile of gold.

###### #..).# #....#
##########....##
#........#.?...####.
#........##.........
#........##.........
#.<.........@.......
#........#..s.......
#........#..........
######.###.......Z..
#.###..........
#..###.........
##..##.........
##..#.##..##..
######.#.##.## .#
#...........#


You could see Erica (extremely poisoned) and a centaur zombie.

Vanquished Creatures
  Pikel (D:8)
  A kobold demonologist (D:6)
  Grinder (D:3)
  A yak (D:8)
  Edmund (D:6)
  3 water moccasins
  A black bear (D:4)
  An ice beast (D:7)
  An orc warrior (D:7)
  A centaur (D:6)
  2 phantoms
  2 kobold brigands (D:7)
  A lemure (D:8)
  A bullfrog (D:4)
  2 scorpions (D:5)
  A water moccasin zombie (D:7)
  A water moccasin skeleton (D:4)
  3 wights (D:6)
  A centaur zombie (D:7)
  4 jellies
  A hound (D:5)
  4 orc priests
  A centaur skeleton (D:6)
  An iguana (D:6)
  An orc wizard (D:6)
  A hound skeleton (D:4)
  A howler monkey zombie (D:5)
  Robin (D:3)
  4 gnolls (D:3)
  A howler monkey skeleton (D:7)
  7 adders
  A shadow imp (D:7)
  3 white imps
  An ufetubus (D:6)
  2 adder skeletons (D:4)
  2 worms
  7 dart slugs
  24 orcs
  8 endoplasms
  3 giant cockroaches
  13 hobgoblins
  7 jackals
  7 quokkas
  7 ball pythons
  4 bats
  2 frilled lizards
  16 goblins
  15 kobolds
  5 rats
180 creatures vanquished.

Vanquished Creatures (collateral kills)
  15 foxfires (D:3)
15 creatures vanquished.

Vanquished Creatures (others)
  903 foxfires
  60 plants
963 creatures vanquished.

Grand Total: 1158 creatures vanquished

Notes
Turn   | Place    | Note
-------+----------+-------------------------------------------
     0 | D:1      | robertstho the Djinni Fire Elementalist began the quest for
                  | the Orb.
     0 | D:1      | Reached XP level 1. HP: 15/15 MP: 0/0
   330 | D:1      | Reached XP level 2. HP: 13/22 MP: 0/0
   654 | D:1      | Reached skill level 3 in Spellcasting
   791 | D:1      | Reached XP level 3. HP: 14/26 MP: 0/0
   791 | D:1      | Learned a level 1 spell: Pain
  1740 | D:2      | Reached skill level 1 in Fighting
  1740 | D:2      | Reached XP level 4. HP: 29/32 MP: 0/0
  2050 | D:2      | Found a shimmering altar of Xom.
  2194 | D:2      | Found a faded altar of an unknown god.
  2816 | D:3      | Noticed Robin
  2825 | D:3      | Reached XP level 5. HP: 25/37 MP: 0/0
  2825 | D:3      | Learned a level 2 spell: Wereblood
  2834 | D:3      | Killed Robin
  3322 | D:3      | Noticed Grinder
  3539 | D:3      | Reached skill level 4 in Spellcasting
  3980 | D:3      | Found a glowing golden altar of the Shining One.
  4069 | D:3      | Found a runed translucent door.
  4070 | D:3      | Noticed Crazy Yiuf
  4509 | D:3      | Killed Grinder
  4510 | D:3      | Reached XP level 6. HP: 31/43 MP: 0/0
  4615 | D:3      | Reached skill level 5 in Spellcasting
  4615 | D:3      | Reached XP level 7. HP: 43/49 MP: 0/0
  4615 | D:3      | Learned a level 2 spell: Passwall
  5479 | D:4      | Identified the +10 trident "Orb Guardian's Foe" {venom,
                  | rF++ rC- Will- Str+9}
  5479 | D:4      | Identified the +0 scale mail "Usagywel" {Will++ rCorr Dex+3
                  | Slay-5}
  5572 | D:4      | Found a transporter.
  5623 | D:4      | Noticed Cheivey's ghost (amateur DsFi)
  5807 | D:4      | Found a transporter.
  5916 | D:4      | Found a blossoming altar of Fedhas.
  6346 | D:5      | Entered Level 5 of the Dungeon
  6347 | D:5      | Found a stormy altar of Qazlal.
  6414 | D:5      | Reached skill level 6 in Spellcasting
  6414 | D:5      | Reached XP level 8. HP: 50/55 MP: 0/0
  7171 | D:6      | Noticed Edmund
  7907 | D:6      | Reached skill level 7 in Spellcasting
  8012 | D:6      | Found a staircase to the Ecumenical Temple.
  8239 | Temple   | Entered the Ecumenical Temple
  8372 | Temple   | Became a worshipper of Gozag Ym Sagoz the Greedy
  8407 | D:6      | Noticed a kobold demonologist
  8415 | D:6      | Killed a kobold demonologist
  8416 | D:6      | Reached skill level 1 in Long Blades
  8416 | D:6      | Reached XP level 9. HP: 41/61 MP: 0/0
  8416 | D:6      | Learned a level 3 spell: Spider Form
  8885 | D:6      | HP: 3/62 [Edmund/+5 flail of protection (14)]
  9149 | D:6      | Killed Edmund
  9150 | D:6      | Reached skill level 8 in Spellcasting
  9439 | D:6      | Found Xorekah's Armour Shop.
 11208 | D:8      | Noticed Pikel
 11220 | D:8      | Killed Pikel
 11221 | D:8      | Reached skill level 9 in Spellcasting
 11221 | D:8      | Reached XP level 10. HP: 17/69 MP: 0/0
 11962 | D:8      | Noticed Erica
 11973 | D:8      | Killed from afar by Erica

Illustrated notes

Levels and vault maps discovered:
D:1:      amcnicky_arrival_abandoned_market, layout_basic, solitary_fountain,
          minmay_tromino_v7
D:2:      layout_rooms, basic_altar, basic_ecumenical_altar
D:3:      wad_woods_settlement, layout_basic, old_standard_altar, uniq_grinder,
          uniq_robin, uniq_crazy_yiuf_cottage
D:4:      layout_layer_cave, fedhas_altar_2, gammafunk_ghost_gnarly_gnolls
D:5:      layout_rooms, grunt_temple_overflow_open
D:6:      layout_basic, minmay_temple_entry_grid, serial_shops,
          kennysheep_little_box, uniq_edmund
D:7:      layout_basic
D:8:      layout_rooms, minitemple, david_lair_generic, serial_shops,
          kennysheep_mini_moat, uniq_erica, uniq_joseph, uniq_pikel, uniq_harold
Temple:   nicolae_temple_figure_zero

Skill      XL: |  1  2  3  4  5  6  7  8  9 |
---------------+----------------------------+-----
Spellcasting   | 3 4 5 6 7 9 |  9.3
Fighting       | 1 2 3 4 |  4.6
Stealth        | 2 3 |  3.7
Dodging        | 3 4 |  4.1
Long Blades    | 1 |  1.3
Shields        | |  0.2

Action                   |  1- 3 |  4- 6 |  7- 9 | 10-12 || total
-------------------------+-------+-------+-------+-------++-------
Melee: Falchion          |       |       |    18 |       ||    18
       Unarmed           |       |       |       |     5 ||     5
 Cast: Foxfire           |    75 |   143 |   334 |       ||   552
       Sticky Flame      |       |     1 |    17 |       ||    18
       Conjure Flame     |       |       |     2 |       ||     2
       Fireball          |       |       |       |    13 ||    13
       Spider Form       |       |       |       |     2 ||     2
  Use: Scroll            |       |     4 |     3 |     1 ||     8
       Potion            |       |       |     3 |       ||     3
 Stab: Sleeping          |       |       |     1 |       ||     1
Armor: Robe              |     6 |     4 |    13 |     4 ||    27
Dodge: Dodged            |     8 |    18 |    58 |    10 ||    94
       Repelled          |       |       |     1 |       ||     1
Block: Buckler           |       |       |     9 |       ||     9
       Rpst.: Falchion   |       |     2 |    10 |       ||    12

Table legend: (Time is in decaauts)
 A = Elapsed time spent in this place.
 B = Non-inter-level travel time spent in this place.
 C = Inter-level travel time spent in this place.
 D = Time resting spent in this place.
 E = Time spent auto-exploring this place.
 F = Levels seen in this place.
 G = Mean time per level.
                   A        B        C        D        E       F      G
               +--------+--------+--------+--------+--------+-----+--------+
         Total |  11979 |  11730 |    249 |    928 |   9488 |   9 | 1331.0 |
       Dungeon |  11833 |  11616 |    217 |    928 |   9375 |   8 | 1479.1 |
        Temple |    145 |    114 |     31 |      0 |    113 |   1 |  145.0 |
               +--------+--------+--------+--------+--------+-----+--------+

Top non-repeatable levels by time:
     D:3: 2284 daAuts
     D:7: 2280 daAuts
     D:6: 2208 daAuts
     D:1: 1674 daAuts
     D:4: 1563 daAuts
     D:5: 852 daAuts
     D:2: 820 daAuts
     D:8: 149 daAuts
  Temple: 145 daAuts
